 Dungeon Crawl Stone Soup version 0.30-a0-170-g85af917532 (webtiles) character file.

Game seed: 1521177586627564527

260 qw the Chopper (level 6, -5/39 HPs)
             Began as a Gargoyle Fighter on Sept 30, 2022.
             Slain by an ogre
             ... wielding a +0 giant spiked club
              (16 damage)
             ... on level 4 of the Dungeon.
             The game lasted 00:01:05 (3492 turns).

qw the Chopper (Gargoyle Fighter)                   Turns: 3492, Time: 00:01:06

Health: -5/39      AC: 13    Str: 22    XL:     6   Next: 17%
Magic:  6/6        EV: 13    Int:  8    God:
Gold:   128        SH:  4    Dex:  9    Spells: 5/5 levels left

rFire   . . .      SeeInvis .    Y - +2 war axe
rCold   + . .      Faith    .    c - +0 buckler
rNeg    + . .      Spirit   .    b - +0 scale mail
rPois   inf        Reflect  .    (no helmet)
rElec   +          Harm     .    k - +0 cloak
rCorr   .          Rampage  .    (no gloves)
Will    .....                    q - +0 pair of boots
Stlth   ..........               (no amulet)
HPRegen 0.13/turn                j - ring of protection from cold
MPRegen 0.10/turn                n - +4 ring of evasion

@: no status effects
A: sickness immunity, AC +4, negative energy resistance 1, electricity
resistance, torment resistance 1, petrification resistance
a: no special abilities


You were on level 4 of the Dungeon.
You visited 1 branch of the dungeon, and saw 4 of its levels.

You collected 128 gold pieces.


Innate Abilities, Weirdness & Mutations

You are immune to sickness and miasma.
Your stone body is resilient. (AC +4)
You are immune to poison.
You resist negative energy. (rN+)
You are resistant to electric shocks. (rElec)
You are resistant to unholy torment.
You are immune to petrification.


   Skills:
 - Level 4.6 Fighting
 - Level 5.0 Axes
 - Level 3.2 Armour
 + Level 0.0 Dodging
 - Level 3.2 Shields


You had 5 spell levels left.
You didn't know any spells.
Your spell library was empty.

Inventory:

Hand Weapons
 f - a +0 flail
 Y - a +2 war axe (weapon)
Armour
 b - a +0 scale mail (worn)
 c - a +0 buckler (worn)
 k - a +0 cloak (worn)
 q - a +0 pair of boots (worn)
Jewellery
 e - a ring of ice
 j - a ring of protection from cold (left hand)
 n - a +4 ring of evasion (right hand)
Scrolls
 i - 3 scrolls of identify
Potions
 a - a potion of cancellation
 d - 2 potions of might
 g - a potion of heal wounds
 h - 2 potions of haste
 m - a potion of resistance
 p - a potion of curing

Dungeon Overview and Level Annotations

Branches:
Dungeon (4/15)
 Temple: D:4-7

Altars:

Annotations:
D:4 2 transporters, qw's ghost, amateur GrFi


Message History

You slash the dart slug!
The dart slug is severely wounded.
The dart slug bites you but does no damage.
You completely miss the dart slug.
The dart slug is severely wounded.
The dart slug barely misses you.
You hit the dart slug.
You kill the dart slug!
You start resting.
The iguana hisses angrily.
HP restored.
The endoplasm quivers.
An ogre comes into view. It is wielding a +0 giant spiked club.
The ogre shouts!
You barely miss the ogre.
An orc comes into view. It is wielding a +0 club.
The ogre hits you with a +0 giant spiked club!
The orc shouts!
You slash the ogre!
The ogre is severely wounded.
The ogre closely misses you.
You barely miss the ogre.
The ogre is severely wounded.
The ogre barely misses you.
You closely miss the ogre.
The ogre is severely wounded.
Qw's ghost mumbles, "They all look like pillowcases to me..."
The ogre hits you with a +0 giant spiked club!!
You hit the ogre.
The ogre is severely wounded.
The ogre barely misses you.
You completely miss the ogre.
The ogre is severely wounded.
You barely miss the orc. The orc hits you but does no damage.
You closely miss the ogre.
The ogre is severely wounded.
You hit the orc.
The ogre hits you with a +0 giant spiked club!
You die...

#......#..#..#...#.l#...#
#####..#..#.........#...#
#....^#$...^....#^..#
#.#...#$........#...#
#..#..#W.#...#..#...#
#.##..#8l.#.#..8#...##
#.....##SJ.....##....#
#<.#...#########.....#
#######..#.@...............#
.....)...##Oo...)..........#
#######%###.###.##...##.##.#
#.# ...........##.##.# #.#
#.###.#..........# #.# #.#
#......##)#### #.# #.#
#.....[.#.# ..# #.#
#.........# ### #.......###


You could see an ogre, an iguana, qw's ghost, an adder, an orc and an endoplasm.

Vanquished Creatures
  A black bear (D:4)
  A hound (D:2)
  An iguana (D:3)
  3 adders (D:2)
  3 worms (D:2)
  7 dart slugs
  3 orcs
  4 endoplasms
  6 giant cockroaches
  2 goblins
  4 hobgoblins (D:2)
  4 jackals (D:3)
  A kobold (D:3)
  2 quokkas
  7 ball pythons
  9 bats
  3 frilled lizards
  5 rats
66 creatures vanquished.

Notes
Turn   | Place    | Note
-------+----------+-------------------------------------------
     0 | D:1      | qw the Gargoyle Fighter began the quest for the Orb.
     0 | D:1      | Reached XP level 1. HP: 14/14 MP: 1/1
     0 | D:1      | 0 ||| qw: Version: 0.2-a-12-gaebbb33
     0 | D:1      | 0 ||| qw: Game counter: 1435
     0 | D:1      | 0 ||| qw: Always use a shield: true
     0 | D:1      | 0 ||| qw: God list: Okawaru
     0 | D:1      | 0 ||| qw: Allow faded altars: false
     0 | D:1      | 0 ||| qw: Do Orc after D:15 true
     0 | D:1      | 0 ||| qw: Do second Lair branch before Depths: true
     0 | D:1      | 0 ||| qw: Lair rune preference: random
     0 | D:1      | 0 ||| qw: Plans: Normal, Zot:1-4, God:TSO, Crypt, Tomb,
                  | Pan, Slime:5, Hells, Abyss, Orb
     0 | D:1      | 0 ||| PLANNING D:1-11
   242 | D:1      | Reached skill level 2 in Axes
   587 | D:1      | Found a faded altar of an unknown god.
   861 | D:1      | Reached XP level 2. HP: 19/19 MP: 2/2
  1088 | D:1      | 1088 ||| UPGRADING to ring of protection from cold.
  1089 | D:1      | 1089 ||| READING 2 scrolls labelled IPISUM VEWAPRE.
  1090 | D:1      | 1090 ||| READING 3 scrolls labelled UKHIAHILOI.
  1091 | D:1      | 1091 ||| READING scroll labelled HAARRIR HYITU.
  1092 | D:1      | 1092 ||| READING scroll labelled DICEOVV ALEQED.
  1093 | D:1      | 1093 ||| READING 2 scrolls of identify.
  1093 | D:1      | 1093 ||| IDENTIFYING sapphire potion
  1094 | D:1      | 1094 ||| DROPPING scroll of poison.
  1095 | D:1      | 1095 ||| DROPPING potion of berserk rage.
  1244 | D:2      | Reached skill level 3 in Axes
  1244 | D:2      | Reached XP level 3. HP: 23/23 MP: 3/3
  1486 | D:2      | 1486 ||| READING scroll labelled BUWACU OSME.
  1538 | D:2      | 1538 ||| DRINKING 2 dark potions.
  1639 | D:2      | 1639 ||| DROPPING potion of ambrosia.
  1717 | D:2      | 1717 ||| Stepping ~*~*~tactically~*~*~ (stealth).
  1723 | D:2      | Reached skill level 4 in Axes
  1723 | D:2      | Reached XP level 4. HP: 20/28 MP: 4/4
  2349 | D:2      | 2349 ||| UPGRADING to +0 pair of boots.
  2354 | D:2      | 2354 ||| UPGRADING to +4 ring of evasion.
  2355 | D:2      | 2355 ||| READING 2 scrolls labelled PACEZO YLOLI.
  2356 | D:2      | 2356 ||| READING scroll of enchant weapon.
  2356 | D:2      | 2356 ||| ENCHANTING +1 war axe.
  2357 | D:2      | 2357 ||| READING scroll labelled LIUFFUTELE.
  2358 | D:2      | 2358 ||| READING scroll labelled DAVA CANIEROM.
  2359 | D:2      | 2359 ||| DRINKING 2 fizzy ruby potions.
  2360 | D:2      | 2360 ||| READING 2 scrolls of identify.
  2360 | D:2      | 2360 ||| IDENTIFYING orange potion
  2456 | D:3      | 2456 ||| FLEEEEING.
  2457 | D:3      | 2457 ||| FLEEEEING.
  2623 | D:3      | Reached XP level 5. HP: 31/32 MP: 5/5
  2680 | D:3      | 2680 ||| Stepping ~*~*~tactically~*~*~ (stealth).
  3027 | D:3      | 3027 ||| UPGRADING to +0 cloak.
  3032 | D:3      | 3032 ||| READING 2 scrolls labelled ZEULAE BOENASTI.
  3033 | D:3      | 3033 ||| READING scroll labelled ADOSCHO YJINUA.
  3034 | D:3      | 3034 ||| READING scroll labelled BAOCKI MEDARR.
  3035 | D:3      | 3035 ||| DRINKING 2 red potions.
  3036 | D:3      | 3036 ||| DRINKING 3 clear potions.
  3037 | D:3      | 3037 ||| DRINKING 2 fuming cyan potions.
  3038 | D:3      | 3038 ||| READING 4 scrolls of identify.
  3038 | D:3      | 3038 ||| IDENTIFYING murky sapphire potion
  3039 | D:3      | 3039 ||| READING 3 scrolls of identify.
  3039 | D:3      | 3039 ||| IDENTIFYING fizzy orange potion
  3040 | D:3      | 3040 ||| DROPPING scroll of blinking.
  3041 | D:3      | 3041 ||| DROPPING potion of flight.
  3042 | D:3      | 3042 ||| DROPPING potion of invisibility.
  3087 | D:4      | 3087 ||| STAIRDANCE
  3102 | D:4      | 3102 ||| STAIRDANCE
  3109 | D:3      | Reached skill level 5 in Axes
  3308 | D:4      | 3308 ||| STAIRDANCE
  3348 | D:4      | 3348 ||| DROPPING +0 mace.
  3355 | D:4      | Found a transporter.
  3355 | D:4      | Noticed qw's ghost (amateur GrFi)
  3410 | D:4      | Found a transporter.
  3418 | D:4      | Noticed a black bear
  3423 | D:4      | Killed a black bear
  3424 | D:4      | Reached XP level 6. HP: 32/39 MP: 6/6
  3492 | D:4      | Slain by an ogre

Levels and vault maps discovered:
D:1:      scummos_arrival_hexagon, layout_basic,
          shapermc_ecumenical_altar_rom_forum
D:2:      minmay_chambers_of_twos, layout_basic, st_stairs_14
D:3:      layout_basic
D:4:      layout_loops_ring, gammafunk_ghost_arena

Skill      XL: |  1  2  3  4  5 |
---------------+----------------+-----
Axes           | 2 3 4 5 |  5.0
Fighting       | 4 |  4.6
Armour         | |  3.2
Shields        | |  3.2

Action                   |  1- 3 |  4- 6 || total
-------------------------+-------+-------++-------
Melee: War axe           |    79 |   121 ||   200
  Use: Scroll            |     6 |    10 ||    16
       Potion            |     1 |     4 ||     5
Armor: Scale mail        |    38 |    55 ||    93
Dodge: Dodged            |    32 |    65 ||    97
Block: Buckler           |    22 |    26 ||    48

Table legend:
 A = Non-vault XP
 B = Vault XP
 C = Vault XP percentage of total XP
 D = Non-vault monster count
 E = Vault monster count
 F = Vault count percentage of total count
                 A         B        C        D         E       F
            +---------+---------+-------+---------+---------+-------
      Total |     344 |      28 |   7.5 |      57 |       9 |  13.6
            +---------+---------+-------+---------+---------+-------
        D:1 |      15 |       0 |   0.0 |      10 |       0 |   0.0
        D:2 |     105 |      28 |  21.1 |      19 |       9 |  32.1
        D:3 |      89 |       0 |   0.0 |      23 |       0 |   0.0
        D:4 |     135 |       0 |   0.0 |       5 |       0 |   0.0
            +---------+---------+-------+---------+---------+-------
